 Dungeon Sprint DCSS version 0.32-a0-931-g5a2cda0630 (webtiles) character file.

Game seed: 5017010839842739773

150 Heh the Carver (level 5, -8/60 HPs)
             Began as a Coglin Gladiator on Apr 13, 2024.
             Was a Priest of Beogh.
             Mangled by Orik the orc apostle
             ... wielding a +4 battleaxe of electrocution
              (16 damage)
             ... in the Dungeon (Sprint VII: "The Pits").
             The game lasted 00:01:45 (224 turns).

Heh the Carver (Coglin Gladiator)                    Turns: 224, Time: 00:01:46

Health: -8/60      AC: 13    Str: 15    XL:     5   Next: 32%
Magic:  5/5        EV:  4    Int:  7    God:    Beogh [***...]
Gold:   0          SH:  0    Dex: 17    Spells: 4/4 levels left

rFire   . . .        a - +0 long sword {Shatamurrim}
rCold   . . .        r - +1 long sword (flame) {Lan}
rNeg    . . .        s - +2 plate armour
rPois   .            c - +0 helmet
rElec   .            (no cloak)
rCorr   .            (no gloves)
SInv    .            (no boots)
Will    .....        (amulet unavailable) Stlth
                     (ring unavailable)
HPRegen 0.30/turn    (ring unavailable)
MPRegen 0.09/turn    (no gizmo)

%: no teleportation
@: berserking, invisible, revved, very quick
A: off-hand wielding, slow wielding, warmup strikes, no jewellery
a: Invent Gizmo, Renounce Religion, Smiting


You were in the Dungeon.
You worshipped Beogh.
Beogh was most pleased with you.
You visited 1 branch

Inventory:

Hand Weapons
 a - a +0 long sword (weapon) {Shatamurrim}
 d - a +2 falchion {Yeongsuk}
 f - a +0 dagger {Tepiltzin}
 r - a +1 long sword of flaming (offhand) {Lan}
Missiles
 e - a javelin
Armour
 b - a +0 leather armour
 c - a +0 helmet (worn)
 s - a +2 plate armour (worn)
 t - a +3 scale mail
Scrolls
 l - a scroll of blinking
 m - 2 scrolls of vulnerability
 n - 5 scrolls of amnesia
 o - a scroll of butterflies
Potions
 g - a potion of invisibility
 h - 5 potions of heal wounds
 i - a potion of haste
 j - 4 potions of magic
 k - 2 potions of berserk rage
 q - 5 potions of curing


   Skills:
 + Level 2.8 Fighting
 * Level 10.3 Long Blades
 - Level 1.7 Throwing
 + Level 3.3 Dodging


You had 4 spell levels left.
You didn't know any spells.
Your spell library was empty.

Dungeon Overview and Level Annotations

Branches:
Dungeon (1/1)

Altars:
Ashenzari
Cheibriados
Dithmenos
Elyvilon
Fedhas
Gozag
Hepliaklqana
Kikubaaqudgha
Makhleb
Nemelex Xobeh
Okawaru
Qazlal
Ru
Sif Muna
Trog
Uskayaw
Vehumet
Wu Jian
Xom
Yredelemnul
Zin
The Shining One
Beogh
Jiyva
Lugonu


Innate Abilities, Weirdness & Mutations

Your facial features look somewhat orcish.
You can wield a second weapon in your off-hand.
It takes a long time for you to wield or remove held weapons.
Your first few attacks do less damage.
You cannot equip rings or amulets.


Message History

You burn Orik.
Orik is heavily wounded.
You slash Orik with your +0 long sword!
You hit Orik with your +1 long sword of flaming.
You burn Orik.
Orik is heavily wounded.
You slash Orik with your +0 long sword!
Orik hits you with a +4 battleaxe of electrocution.
You closely miss Orik with your +1 long sword of flaming.
Orik is severely wounded.
You closely miss Orik with your +0 long sword.
You hit Orik but do no damage.
Orik is severely wounded.
You barely miss Orik with your +0 long sword.
Orik barely misses you.
You slash Orik with your +1 long sword of flaming!
You burn Orik.
Orik is severely wounded.
You barely miss Orik with your +0 long sword.
You hit Orik but do no damage.
Orik is severely wounded.
You slash Orik with your +0 long sword!
Orik hits you with a +4 battleaxe of electrocution!
You closely miss Orik with your +0 long sword.
Orik is almost dead.
You hit Orik with your +1 long sword of flaming.
You burn Orik.
Orik hits you with a +4 battleaxe of electrocution!
* * * LOW HITPOINT WARNING * * *
You hit Orik but do no damage.
Orik is almost dead.
You closely miss Orik with your +1 long sword of flaming.
You hit Orik with your +1 long sword of flaming.
You burn Orik.
Orik is almost dead.
You hit Orik but do no damage.
Orik hits you with a +4 battleaxe of electrocution.
* * * LOW HITPOINT WARNING * * *
You are electrocuted!
You die...

#..(.')))'.##......#..#
##########.##..........
#..........†'..........
#+#####'#####......#..#
#...#†#..##..........
#...#.#))#####'#####+
#...'.#).##.......#
##)####))##.......#
#..o@.#..##.......#
#.....#'###...<...#
#........##.......#
#........##.......#
###########.......#
#########


You could see Orik the orc apostle (divinely empowered).

Vanquished Creatures
  2 scorpions (D)
  A gnoll (D)
  An adder (D)
  A river rat (D)
  A hobgoblin (D)
  4 jackals (D)
  A ball python (D)
  A jackal skeleton (D)
12 creatures vanquished.

Notes
Turn   | Place    | Note
-------+----------+-------------------------------------------
     0 | D        | Heh the Coglin Gladiator began the quest for the Orb.
     0 | D        | Reached XP level 1. HP: 16/16 MP: 1/1
     8 | D        | Noticed a scorpion
    22 | D        | Killed a scorpion
    23 | D        | Reached skill level 8 in Long Blades
    23 | D        | Reached XP level 2. HP: 13/22 MP: 2/2
    23 | D        | Reached XP level 3. HP: 17/27 MP: 3/3
    23 | D        | Reached XP level 4. HP: 20/33 MP: 4/4
    27 | D        | Found a bloodstained altar of Trog.
    27 | D        | Found a shimmering blue altar of Sif Muna.
    27 | D        | Found a viscous altar of Jiyva.
    27 | D        | Found a hazy altar of Hepliaklqana.
    27 | D        | Found an opulent altar of Gozag.
    28 | D        | Found a glowing golden altar of the Shining One.
    28 | D        | Found a glowing silver altar of Zin.
    28 | D        | Found a basalt altar of Yredelemnul.
    28 | D        | Found a shimmering altar of Xom.
    28 | D        | Found an ornate altar of the Wu Jian Council.
    28 | D        | Found a sacrificial altar of Ru.
    28 | D        | Found a stormy altar of Qazlal.
    28 | D        | Found an iron altar of Okawaru.
    28 | D        | Found a sparkling altar of Nemelex Xobeh.
    28 | D        | Found a burning altar of Makhleb.
    28 | D        | Found a blossoming altar of Fedhas.
    28 | D        | Found a white marble altar of Elyvilon.
    28 | D        | Found a shadowy altar of Dithmenos.
    28 | D        | Found a snail-covered altar of Cheibriados.
    31 | D        | Found a corrupted altar of Lugonu.
    31 | D        | Found a radiant altar of Vehumet.
    31 | D        | Found a roughly hewn altar of Beogh.
    32 | D        | Found an ancient bone altar of Kikubaaqudgha.
    32 | D        | Found a hide-covered altar of Uskayaw.
    32 | D        | Found a broken altar of Ashenzari.
    42 | D        | Became a worshipper of Beogh the Shepherd
    98 | D        | Noticed a scorpion
   101 | D        | Killed a scorpion
   102 | D        | Reached skill level 9 in Long Blades
   109 | D        | Reached * piety under Beogh
   110 | D        | Reached skill level 10 in Long Blades
   110 | D        | Reached XP level 5. HP: 36/38 MP: 5/5
   121 | D        | Reached ** piety under Beogh
   133 | D        | Reached *** piety under Beogh
   201 | D        | Noticed Orik
   224 | D        | Mangled by Orik the orc apostle

Illustrated notes

Levels and vault maps discovered:
D:        pitsprint [storerooms_1, entrance_room_1, metal_vault_8, armoury_2,
          mini_pit_1, grid_room_1, main_hall_1, silver_pit, the_coven_3,
          the_vestibule_1, steel_vault_2, golden_pit, hallway_of_sentries,
          crystal_vault_1, iron_vault_3, final_vault]

Skill      XL: |  1  2  3  4  5 |
---------------+----------------+-----
Long Blades    | 8 10 | 10.3
Dodging        | 3 |  3.3
Fighting       | |  2.8
Throwing       | |  1.7

Action                     |  1- 3 |  4- 6 || total
---------------------------+-------+-------++-------
  Melee: Long sword        |     9 |    50 ||    59
         Dagger            |     9 |       ||     9
         Falchion          |       |    19 ||    19
  Throw: Throwing net      |     3 |     1 ||     4
    Use: Potion            |     1 |     3 ||     4
   Stab: Held in net/web   |     1 |     1 ||     2
 Armour: Leather armour    |     4 |     4 ||     8
         Plate armour      |       |     9 ||     9
  Dodge: Dodged            |     3 |    18 ||    21

Table legend: (Time is in decaauts)
 A = Elapsed time spent in this place.
 B = Non-inter-level travel time spent in this place.
 C = Inter-level travel time spent in this place.
 D = Time resting spent in this place.
 E = Time spent auto-exploring this place.
 F = Levels seen in this place.
 G = Mean time per level.
                   A        B        C        D        E       F      G
               +--------+--------+--------+--------+--------+-----+--------+
         Total |    216 |    204 |     12 |      3 |      0 |   1 |  216.0 |
       Dungeon |    216 |    204 |     12 |      3 |      0 |   1 |  216.0 |
               +--------+--------+--------+--------+--------+-----+--------+

Top non-repeatable levels by time:
       D: 216 daAuts
